 Dungeon Sprint DCSS version 0.21.1-1-g345015f (webtiles) character file.

1234 wilfster70 the Carver (level 8, 0/70 HPs)
             Began as a Demonspawn Berserker on June 21, 2018.
             Was a Priest of Trog.
             Slain by a centaur warrior (6 damage)
             ... in the Dungeon (Sprint I: "Red Sonja").
             The game lasted 00:03:14 (541 turns).

wilfster70 the Carver (Demonspawn Berserker)         Turns: 541, Time: 00:03:15

Health: 0/70       AC: 10    Str: 17    XL:     8   Next: 24%
Magic:  8/8        EV: 11    Int:  9    God:    Trog [***...]
Gold:   405        SH:  0    Dex: 15    Spells: 7/7 levels left

rFire    . . .     SeeInvis .   a - +0 falchion
rCold    . . .     Gourm    .   (no shield)
rNeg     . . .     Faith    .   k - +0 chain mail
rPois    .         Spirit   .   (no helmet)
rElec    .         Reflect  .   (no cloak)
rCorr    .         Harm     .   (gloves unavailable)
MR       .....     NoTele   +   (no boots)
Stlth    ..........             (no amulet)
HPRegen  0.21/turn              (no ring)
MPRegen  0.11/turn              (no ring)

@: berserk cooldown, hasted and slowed
A: claws 3, powered by pain 1
a: Berserk, Trog's Hand, Burn Spellbooks, Renounce Religion


You were in the Dungeon.
You worshipped Trog.
Trog was most pleased with you.
You were not hungry.

You visited 1 branch You collected 405 gold pieces.

Inventory:

Hand Weapons
 a - a +0 falchion (weapon)
Armour
 k - a +0 chain mail (worn)
Scrolls
 i - a scroll of blinking
Potions
 d - a potion of curing
 g - 2 potions of magic


   Skills:
 + Level 8.8 Fighting
 * Level 10.9 Long Blades
 + Level 7.7 Armour
 + Level 7.7 Dodging


You had 7 spell levels left.
You didn't know any spells.

Dungeon Overview and Level Annotations

Branches:
Dungeon (1/1)

Altars:
Cheibriados
Dithmenos
Elyvilon
Fedhas
Gozag
Hepliaklqana
Kikubaaqudgha
Makhleb
Nemelex Xobeh
Okawaru
Qazlal
Ru
Sif Muna
Trog
Uskayaw
Vehumet
Wu Jian
Xom
Yredelemnul
Zin
The Shining One
Jiyva
Lugonu

Shops:
D }


Innate Abilities, Weirdness & Mutations

You have claws for hands.
You sometimes gain a little power by taking damage.


Message History

You start resting.
A centaur warrior is nearby!
You feel much better.
The centaur warrior shouts!
The centaur warrior closely misses you.
The centaur warrior hits you but does no damage.
You hit the centaur warrior but do no damage.
The centaur warrior barely misses you.
You riposte.
You hit the centaur warrior but do no damage.
The centaur warrior hits you.
You hit the centaur warrior but do no damage.
The centaur warrior hits you but does no damage.
The centaur warrior hits you.
You hit the centaur warrior but do no damage.
The centaur warrior hits you!
* * * LOW HITPOINT WARNING * * *
You feel yourself speed up. The centaur warrior hits you.
* * * LOW HITPOINT WARNING * * *
The centaur warrior hits you.
You die...

######################
#<.#..)..#..'..#__#..+
#..'[.#..').#..c..'..#
#..#####'#####'#@_####
#..## #..#...#.####§%#
#..#__####..##.#≈≈≈.§#
#..#_____##'#_.'§§≈c§
#⌠⌠#_.∩...'..._#§§c.§#
####_..__##_.#'##+####
#_____###+#.# #######
###


You could see a centaur warrior.

Vanquished Creatures
  A centaur warrior (D)
  A slime creature (D)
  Sigmund (D)
  A yak (D)
  An ogre (D)
  A jelly (D)
  Ijyb (D)
7 creatures vanquished.

Notes
Turn   | Place    | Note
-------+----------+-------------------------------------------
     0 | D        | wilfster70 the Demonspawn Berserker began the quest for the Orb.
     0 | D        | Reached XP level 1. HP: 18/18 MP: 1/1
     1 | D        | Noticed Ijyb
    10 | D        | Killed Ijyb
    10 | D        | Reached skill level 4 in Long Blades
    10 | D        | Gained mutation: You have sharp fingernails. [demonic ancestry]
    10 | D        | Reached XP level 2. HP: 25/25 MP: 2/2
    57 | D        | Noticed an ogre
    62 | D        | Killed an ogre
    62 | D        | Reached skill level 5 in Fighting
    62 | D        | Reached skill level 5 in Long Blades
    62 | D        | Reached XP level 3. HP: 24/33 MP: 3/3
    62 | D        | Reached XP level 4. HP: 29/39 MP: 4/4
   200 | D        | Noticed Sigmund
   206 | D        | Killed Sigmund
   206 | D        | Reached ** piety under Trog
   206 | D        | Reached skill level 7 in Long Blades
   206 | D        | Reached skill level 5 in Armour
   206 | D        | Reached skill level 5 in Dodging
   206 | D        | Gained mutation: You have very sharp fingernails. [demonic ancestry]
   206 | D        | Reached XP level 5. HP: 46/46 MP: 5/5
   300 | D        | Found an ornate altar of the Wu Jian Council.
   300 | D        | Found a deep blue altar of Sif Muna.
   302 | D        | Found a radiant altar of Vehumet.
   305 | D        | Found a burning altar of Makhleb.
   305 | D        | Found a viscous altar of Jiyva.
   305 | D        | Found a shimmering altar of Xom.
   305 | D        | Found a corrupted altar of Lugonu.
   305 | D        | Noticed a slime creature
   308 | D        | Gained mutation: You sometimes gain a little power by taking damage. [demonic ancestry]
   308 | D        | Reached XP level 6. HP: 53/53 MP: 6/6
   315 | D        | Killed a slime creature
   315 | D        | Reached skill level 9 in Long Blades
   415 | D        | Found Kunon's Gadget Emporium.
   415 | D        | Found an ancient bone altar of Kikubaaqudgha.
   415 | D        | Found a hazy altar of Hepliaklqana.
   415 | D        | Found a hide-covered altar of Uskayaw.
   415 | D        | Found a basalt altar of Yredelemnul.
   415 | D        | Found an opulent altar of Gozag.
   415 | D        | Found a snail-covered altar of Cheibriados.
   415 | D        | Found a sacrificial altar of Ru.
   415 | D        | Found a shadowy altar of Dithmenos.
   415 | D        | Noticed a yak
   425 | D        | Killed a yak
   425 | D        | Reached *** piety under Trog
   425 | D        | Reached XP level 7. HP: 60/60 MP: 7/7
   426 | D        | Found a stormy altar of Qazlal.
   426 | D        | Found a blossoming altar of Fedhas.
   426 | D        | Found a bloodstained altar of Trog.
   426 | D        | Found an iron altar of Okawaru.
   426 | D        | Found a glowing golden altar of the Shining One.
   426 | D        | Found a glowing silver altar of Zin.
   426 | D        | Found a white marble altar of Elyvilon.
   427 | D        | Found a sparkling altar of Nemelex Xobeh.
   497 | D        | Noticed a centaur warrior
   499 | D        | Noticed a centaur warrior
   525 | D        | HP: 4/90 [centaur warrior (4)]
   526 | D        | Killed a centaur warrior
   526 | D        | Reached skill level 10 in Long Blades
   526 | D        | Gained mutation: You have claws for hands. [demonic ancestry]
   526 | D        | Reached XP level 8. HP: 5/70 MP: 8/8
   541 | D        | Slain by a centaur warrior

Skill      XL: |  1  2  3  4  5  6  7 |
---------------+----------------------+-----
Long Blades    | 4 5 7 9 10 | 10.9
Armour         | 2 4 5 6 7 |  7.7
Dodging        | 2 4 5 6 7 |  7.7
Fighting       | 5 6 7 8 |  8.8

Action                   |  1- 3 |  4- 6 |  7- 9 || total
-------------------------+-------+-------+-------++-------
Melee: Falchion          |    10 |    22 |    16 ||    48
Invok: Berserk           |     2 |     3 |     1 ||     6
  Use: Scroll            |       |     2 |       ||     2
       Potion            |       |       |     2 ||     2
  Eat: Chunk             |       |     1 |       ||     1
       Ration            |       |       |     1 ||     1
Armor: Animal skin       |     1 |       |       ||     1
       Chain mail        |       |     5 |     5 ||    10
Dodge: Dodged            |     4 |     7 |     8 ||    19
       Rpst.: Falchion   |     2 |     2 |     4 ||     8
